 Dungeon Crawl Stone Soup version 0.30-a0-782-ge64f9170bb (webtiles) character file.

Game seed: 6631441645829824078

120 theswoord the Chopper (level 4, -22/35 HPs)
             Began as a Demonspawn Monk on Feb 23, 2023.
             Annihilated by an ogre
             ... wielding a +0 giant spiked club
              (27 damage)
             ... on level 3 of the Dungeon.
             The game lasted 00:02:53 (1931 turns).

theswoord the Chopper (Demonspawn Monk)             Turns: 1931, Time: 00:02:54

Health: -22/35     AC:  9    Str: 14    XL:     4   Next: 75%
Magic:  4/4        EV: 10    Int: 11    God:
Gold:   71         SH:  0    Dex: 15    Spells: 3/3 levels left

rFire   . . .      SeeInvis .    a - +0 hand axe
rCold   . . .      Faith    .    i - orb {*Rage}
rNeg    . . .      Spirit   .    k - +0 scale mail
rPois   .          Reflect  .    (helmet restricted)
rElec   .          Harm     .    (no cloak)
rCorr   .          Rampage  .    (no gloves)
Will    .....      Rage     20%  m - +0 pair of boots
Stlth   +                        (no amulet)
HPRegen 0.25/turn                (no ring)
MPRegen 0.09/turn                (no ring)

@: on berserk cooldown, slowed, very slow
A: antennae 1, slimy green scales 1
a: no special abilities


You were on level 3 of the Dungeon.
You visited 1 branch of the dungeon, and saw 3 of its levels.

You collected 71 gold pieces.

Inventory:

Hand Weapons
 a - a +0 hand axe (weapon)
 f - a +0 whip
Armour
 b - a +0 robe
 i - an orb of wrath (worn)
 k - a +0 scale mail (worn)
 m - a +0 pair of boots (worn)
Jewellery
 l - an amulet of reflection
Potions
 c - a potion of ambrosia
 d - a potion of heal wounds {unknown}
 e - 2 potions of attraction {unknown}
 g - 2 potions of might
 h - a potion of mutation {unknown}
 j - a potion of flight {unknown}
 n - a potion of curing {unknown}
 p - a potion of brilliance {unknown}


   Skills:
 - Level 3.0 Fighting
 + Level 5.1 Axes
 - Level 2.6 Dodging
 - Level 1.7 Stealth


You had 3 spell levels left.
You didn't know any spells.
Your spell library contained the following spells:

 Spells                   Type           Power      Damage    Failure   Level
 Foxfire                  Conj/Fire      0%         2x1d4     85%         1
 Dazzling Flash           Conj/Hex       0%         N/A       99%         3
 Agony                    Necr           0%         N/A       100%        5
 Fireball                 Conj/Fire      0%         3d3       100%        5
 Silence                  Hex/Air        0%         N/A       100%        5
 Starburst                Conj/Fire      0%         6d3       100%        6


Dungeon Overview and Level Annotations

Branches:
Dungeon (3/15)

Altars:

Shops:
D:3 (


Innate Abilities, Weirdness & Mutations

You have a pair of small antennae on your head.
You are partially covered in slimy green scales. (AC +2)


Message History

The goblin hits you but does no damage. The goblin barely misses you.
The goblin hits you but does no damage. The goblin hits you with a +0 club.
The goblin hits you but does no damage.
Things that are here:
a +0 club; 6 large rocks You slash the goblin!
You kill the goblin!
You closely miss the goblin. x2; You barely miss the goblin.
You hit the goblin.
You kill the goblin!
The goblin hits you with a +0 club. The goblin barely misses you.
The goblin hits you with a +0 dagger.
* * * LOW HITPOINT WARNING * * *
You slash the ogre! You closely miss the goblin. You hit the goblin.
You kill the goblin!
You closely miss the goblin. You hit the ogre. You hit the goblin.
You barely miss the goblin.
You are no longer berserk.
You are exhausted.
You feel yourself slow down. The goblin hits you but does no damage.
The ogre hits you with a +0 giant spiked club!
* * * LOW HITPOINT WARNING * * *
The goblin hits you but does no damage.
You hit the ogre. You completely miss the goblin. You hit the goblin.
You kill the goblin!
You hit the goblin. The goblin hits you but does no damage.
The goblin misses you. The ogre barely misses you.
The goblin hits you but does no damage. The goblin barely misses you.
You hit the ogre but do no damage. You hit the goblin.
You kill the goblin!
You hit the goblin.
The ogre hits you with a +0 giant spiked club.
* * * LOW HITPOINT WARNING * * *
The goblin hits you but does no damage.
You hit the ogre. You barely miss the goblin. The goblin barely misses you.
The ogre barely misses you. The goblin hits you with a +0 dagger.
* * * LOW HITPOINT WARNING * * *
You hit the ogre. You hit the goblin.
The ogre hits you with a +0 giant spiked club!!
Ouch! That really hurt!
You die...

##########.'∩'.###.#
.........#.#'#...#
.#######.###.###.#
.............# #.#
##.....#.###.# #.#####
##.#.#...# ..# #.....#
##.#.#...#.#########.#
.#.#.##..#. #.)g###.#
.....#..... #.O@)...#
#......####. #.))##))#
...##....# .#####...#
#####..#.# . ..<.... .
.....# +........ .#
... #...#...... .# ###
#...#.####. .# #...#.#
.#


You could see an ogre and a goblin.

Vanquished Creatures
  An orc priest (D:3)
  3 adders
  A worm (D:2)
  2 dart slugs
  2 orcs (D:3)
  6 bats
  3 endoplasms
  5 giant cockroaches
  8 goblins
  2 hobgoblins
  11 kobolds
  2 quokkas (D:2)
  2 ball pythons
  A frilled lizard (D:2)
  5 rats
54 creatures vanquished.

Vanquished Creatures (others)
  6 plants (D:2)
6 creatures vanquished.

Grand Total: 60 creatures vanquished

Notes
Turn   | Place    | Note
-------+----------+-------------------------------------------
     0 | D:1      | theswoord the Demonspawn Monk began the quest for the Orb.
     0 | D:1      | Reached XP level 1. HP: 18/18 MP: 1/1
    43 | D:1      | Reached skill level 3 in Axes
   198 | D:1      | Gained mutation: You have a pair of small antennae on your
                  | head. [demonic ancestry]
   198 | D:1      | Reached XP level 2. HP: 21/24 MP: 2/2
   848 | D:2      | Gained mutation: You are partially covered in slimy green
                  | scales. (AC +2) [demonic ancestry]
   848 | D:2      | Reached XP level 3. HP: 22/29 MP: 3/3
   907 | D:2      | Reached skill level 4 in Axes
  1820 | D:3      | Reached XP level 4. HP: 35/35 MP: 4/4
  1885 | D:3      | Found Yddisiha's Weapon Shop.
  1917 | D:3      | Reached skill level 5 in Axes
  1919 | D:3      | Noticed an ogre
  1931 | D:3      | Annihilated by an ogre

Skill      XL: |  1  2  3  4 |
---------------+-------------+-----
Axes           | 3 4 5 |  5.1
Fighting       | |  3.0
Dodging        | |  2.6
Stealth        | |  1.7

Action                     |  1- 3 |  4- 6 || total
---------------------------+-------+-------++-------
  Melee: Hand axe          |   136 |    29 ||   165
         Punch             |     2 |       ||     2
    Use: Scroll            |     3 |     1 ||     4
   Stab: Sleeping          |     2 |       ||     2
 Armour: Robe              |    23 |       ||    23
         Scale mail        |    35 |    15 ||    50
  Dodge: Dodged            |    94 |    14 ||   108

Levels and vault maps discovered:
D:1:      dpeg_arrival_chambers_temple_mockup, layout_basic
D:2:      layout_basic, lexackson_kobold_supper
D:3:      layout_basic, mainiacjoe_overflow_cross_hatched,
          grunt_ashenzari_visionary [grunt_ashenzari_visionary_shoals,
          grunt_ashenzari_visionary_spider], serial_shops,
          nicolae_shop_behind_doors, portal_sewer_entry_e, minmay_ogre_servants
